 Dungeon Crawl Stone Soup version 0.18.1-48-g4cf74bf (console) character file.

761 Kloppie the Skirmisher (level 7, -1/48 HPs)
             Began as a Gargoyle Berserker on June 28, 2016.
             Was a Priest of Trog.
             Slain by Gargoyl's ghost (5 damage)
             ... on level 5 of the Dungeon.
             The game lasted 00:05:42 (3974 turns).

Kloppie the Skirmisher (Gargoyle Berserker)         Turns: 3974, Time: 00:05:43

Health: -1/48      AC: 11    Str: 21    XL:     7   Next: 80%
Magic:  7/7        EV: 11    Int:  7    God:    Trog [***...]
Gold:   257        SH:  0    Dex: 11    Spells: 0 memorised, 6 levels left

rFire  . . .     SeeInvis .     p - +0 flail
rCold  . . .     Gourm    .     l - +0 ring mail
rNeg   + . .     Faith    .     (no shield)
rPois  ∞         Spirit   .     q - +0 helmet
rElec  +         Dismiss  .     (no cloak)
rCorr  .         Reflect  .     (no gloves)
SustAt .         Harm     .     (no boots)
MR     .....                    (no amulet)
Stlth  +.........               (no ring)
                                (no ring)

@: exhausted, slowed, very slow, not resistant to hostile enchantments, very
unstealthy
A: negative energy resistance 1, electricity resistance, unbreathing,
petrification resistance, rot immunity, AC +4
a: Berserk, Trog's Hand, Burn Spellbooks, Renounce Religion


You were on level 5 of the Dungeon.
You worshipped Trog.
Trog was most pleased with you.
You were hungry.

You visited 1 branch of the dungeon, and saw 5 of its levels.

You collected 257 gold pieces.

Inventory:

Hand Weapons
 a - a +0 mace
 p - a +0 flail (weapon)
Armour
 l - a +0 ring mail (worn)
 q - a +0 helmet (worn)
 s - a cursed +0 chain mail
Scrolls
 b - a scroll of random uselessness {unknown}
 d - a scroll of remove curse {unknown}
 e - 3 scrolls of teleportation {unknown}
 f - 3 scrolls of identify {unknown}
 i - 5 scrolls of noise {unknown}
 j - a scroll of magic mapping {unknown}
 m - a scroll of enchant weapon {unknown}
Potions
 g - a potion of berserk rage {unknown}
 h - 2 potions of degeneration {unknown}
 k - a potion of might {unknown}
 r - a potion of flight {unknown}
Comestibles
 c - 3 bread rations
 n - 2 chunks of flesh
 o - a beef jerky


   Skills:
 + Level 7.3 Fighting
 + Level 6.6 Maces & Flails
 - Level 2.1 Armour
 - Level 1.5 Dodging


You had 6 spell levels left.
You didn't know any spells.

Dungeon Overview and Level Annotations

Branches:
Dungeon (5/15)
 Temple: D:4-7

Altars:
Ru

Shops:
D:5 (

Annotations:
D:5 Gargoyl's ghost, novice DsAK


Innate Abilities, Weirdness & Mutations

You are resistant to torment.
Your stone body is resilient (AC +4).
You are immune to poison.
You resist negative energy.
You are resistant to electric shocks.
You can survive without breathing.
You are immune to petrification.
You are immune to rotting.


Message History

* * * LOW HITPOINT WARNING * * *
You hit Gargoyl's ghost but do no damage.
Gargoyl's ghost is severely damaged.
Gargoyl's ghost hits you but does no damage.
You hit Gargoyl's ghost but do no damage.
Gargoyl's ghost is severely damaged.
Gargoyl's ghost hits you but does no damage.
Gargoyl's ghost barely misses you.
You completely miss Gargoyl's ghost.
Gargoyl's ghost is severely damaged.
Gargoyl's ghost barely misses you.
Drink which item? (? for menu, Esc to quit)
Okay, then.
Gargoyl's ghost hits you!
* * * LOW HITPOINT WARNING * * *
Gargoyl's ghost hits you but does no damage.
Gargoyl's ghost hits you!
* * * LOW HITPOINT WARNING * * *
Gargoyl's ghost hits you.
You die...

######÷.# .# #. ..⌠
........# .#
##.#####W....
######(########.#
#........#
#(..(.)..#.###$#.#.###.#
#.######......# #.#
#.########.###.###.###.#
#..........# #.#......#
######.##.######.#######
#.##..@W....#
#.########### #.# #..
###


You could see Gargoyl's ghost.

Vanquished Creatures
  The ghost of maxonian the Cudgeler, an amateur OgGl (D:4)
  An ice beast (D:5)
  A centaur (D:5)
  A water moccasin zombie (D:5)
  A scorpion (D:3)
  A howler monkey (D:5)
  A hound (D:5)
  A giant frog skeleton (D:5)
  9 adders
  3 gnolls (D:4)
  2 oozes
  2 adder skeletons (D:4)
  4 worms
  4 dart slugs
  3 giant geckos
  4 orcs (D:4)
  3 bats
  3 giant cockroaches (D:1)
  8 goblins
  7 hobgoblins
  10 jackals
  7 kobolds
  2 quokkas
  A ball python (D:1)
  7 giant newts
  9 rats
96 creatures vanquished.

Notes
Turn   | Place    | Note
--------------------------------------------------------------
     0 | D:1      | Kloppie the Gargoyle Berserker began the quest for the Orb.
     0 | D:1      | Reached XP level 1. HP: 14/14 MP: 1/1
   323 | D:1      | Reached XP level 2. HP: 15/19 MP: 2/2
   697 | D:1      | Reached skill level 4 in Fighting
   697 | D:1      | Reached XP level 3. HP: 20/24 MP: 3/3
  1041 | D:1      | Reached ** piety under Trog
  1253 | D:2      | Reached XP level 4. HP: 24/30 MP: 4/4
  1449 | D:2      | Found a sacrificial altar of Ru.
  2440 | D:3      | Reached XP level 5. HP: 34/34 MP: 5/5
  2512 | D:3      | Reached *** piety under Trog
  2512 | D:3      | Reached skill level 5 in Fighting
  3059 | D:4      | Reached skill level 5 in Maces & Flails
  3061 | D:4      | Reached XP level 6. HP: 24/40 MP: 6/6
  3209 | D:4      | Noticed maxonian's ghost (amateur OgGl)
  3231 | D:4      | Killed maxonian's ghost
  3231 | D:4      | Reached skill level 6 in Fighting
  3628 | D:5      | Entered Level 5 of the Dungeon
  3639 | D:5      | Reached XP level 7. HP: 42/47 MP: 7/7
  3722 | D:5      | Found Bomieb's Antique Weapon Shoppe.
  3780 | D:5      | Reached skill level 7 in Fighting
  3928 | D:5      | Noticed Gargoyl's ghost (novice DsAK)
  3974 | D:5      | Slain by Gargoyl's ghost

Skill      XL: |  1  2  3  4  5  6  7 |
---------------+----------------------+-----
Fighting       | 4 5 6 7 |  7.3
Maces & Flails | 4 5 6 |  6.6
Armour         | |  2.1
Dodging        | |  1.5

Action                   |  1- 3 |  4- 6 |  7- 9 || total
-------------------------+-------+-------+-------++-------
Melee: Mace              |   135 |   146 |       ||   281
       Flail             |       |    94 |    79 ||   173
Invok: Berserk           |     1 |     2 |     2 ||     5
       Trog's Hand       |       |     1 |     1 ||     2
  Eat: Chunk             |     2 |    10 |     3 ||    15
Armor: Animal skin       |    43 |       |       ||    43
       Ring mail         |    10 |   104 |    49 ||   163
Dodge: Dodged            |   106 |   136 |    38 ||   280
